AoeStats
← meditator27

Arena

507037976Analyzed
4v4 RM · 14d ago on Sep 16, 2026· 42m 52s· 8 players
Game mode
Random Map
Map size
Large (8 player)
Population
200
Speed
Normal
Resources
Standard
Victory
Conquest
Starting age
Dark Age
Ending age
Imperial Age
RankedLock teamsTeams togetherTeam positionsShared explorationLock speedFull tech treeHidden civsTurbo modeCheats
Victory
Defeat
🇹🇼 Bohemians · Taiwan
1307
+13
🇦🇷 Spanish · Argentina
1285
+14
🇹🇷 Byzantines · Türkiye
1266
+15
🇲🇾 Bengalis · Malaysia
1230
+16
🇹🇷 Teutons · Türkiye
1262
-15
🇪🇸 Huns · Spain
1254
-15
🇰🇬 Hindustanis · Kyrgyzstan
1231
-14
🇪🇸 Inca · Spain
1223
-14
Escumish
12:46 Feudal Age
14:38 Wheelbarrow
13:51 Double-Bit Axe
13:49 Horse Collar
14:03 Gold Mining
18:36 Castle Age
18:11 Man-at-Arms
19:42 Hand Cart
19:53 Bow Saw
20:44 Heavy Plow
20:11 Man-at-Arms
20:45 Loom
21:44 Squires
22:05 Arson
22:33 Scale Mail Armor
22:48 Long Swordsman
24:41 Forging
26:09 Gold Shaft Mining
26:17 Chain Mail Armor
28:05 Iron Casting
28:31 Pikeman
38:08 Imperial Age
CampaCar
6:36 Loom
9:37 Feudal Age
9:47 Champi Runner
10:15 Arson
10:39 Double-Bit Axe
20:00 Castle Age
18:54 Forging
18:57 Horse Collar
21:21 Squires
24:10 Pikeman
27:17 Bow Saw
26:37 Champi Warrior
28:17 Town Watch
29:08 Wheelbarrow
31:10 Iron Casting
30:35 Scale Mail Armor
37:33 Imperial Age
36:44 Chain Mail Armor
37:39 Town Patrol
37:32 Fletching
37:55 Halberdier
38:50 Elite Champi Warrior
40:56 Blast Furnace
40:33 Plate Mail Armor
42:28 Hand Cart
42:47 Bodkin Arrow
UnCLeMaRcH
10:56 Feudal Age
11:30 Horse Collar
11:40 Double-Bit Axe
17:58 Castle Age
17:44 Gold Mining
18:27 Forging
19:19 Bloodlines
20:30 Scale Barding Armor
22:00 Wheelbarrow
21:11 Loom
22:26 Chain Barding Armor
24:00 Heavy Plow
25:18 Iron Casting
25:48 Bow Saw
25:43 Town Watch
28:37 Fletching
33:01 Imperial Age
33:07 Cavalier
35:16 Plate Barding Armor
34:25 Elite Teutonic Knight
35:39 Stone Mining
37:22 Blast Furnace
36:17 Bodkin Arrow
38:49 Scale Mail Armor
39:59 Chain Mail Armor
41:10 Hand Cart
41:43 Plate Mail Armor
41:27 Paladin
French Connection
10:35 Feudal Age
14:36 Castle Age
12:52 Double-Bit Axe
13:47 Gold Mining
16:24 Wheelbarrow
18:46 Loom
20:53 Stone Mining
21:10 Horse Collar
23:51 Fletching
27:45 Imperial Age
27:15 Bodkin Arrow
27:12 Elite Skirmisher
29:54 Chemistry
33:16 Ballistics
33:15 Shatagni
33:38 Bracer
36:26 Padded Archer Armor
41:08 Heavy Plow
42:38 Hand Cart
43:18 Gold Shaft Mining
43:18 Bow Saw
Tintagel
11:37 Feudal Age
12:25 Double-Bit Axe
16:31 Castle Age
14:17 Loom
15:18 Horse Collar
15:30 Gold Mining
16:20 Bloodlines
17:28 Bow Saw
19:51 Fervor
20:36 Sanctity
24:27 Wheelbarrow
24:40 Heavy Plow
28:52 Fortified Wall
30:05 Scale Barding Armor
30:11 Forging
32:39 Imperial Age
30:34 Hand Cart
30:06 Town Watch
31:06 Stone Mining
31:43 Husbandry
33:22 Gold Shaft Mining
33:15 Chain Barding Armor
33:31 Iron Casting
34:51 Two-Man Saw
34:22 Crop Rotation
34:27 Conscription
34:15 Paiks
34:33 Mahayana
34:20 Elite Battle Elephant
38:17 Ballistics
38:58 Chemistry
38:03 Siege Engineers
38:11 Masonry
38:54 Plate Barding Armor
40:15 Blast Furnace
39:06 Fletching
39:45 Caravan
Marsman3354
10:44 Feudal Age
14:45 Castle Age
13:11 Double-Bit Axe
13:11 Horse Collar
16:56 Bow Saw
22:37 Loom
23:52 Wheelbarrow
25:25 Stone Mining
30:06 Imperial Age
29:30 Hand Cart
29:59 Scale Barding Armor
30:05 Forging
30:11 Padded Archer Armor
31:25 Iron Casting
31:10 Chain Barding Armor
31:18 Gold Mining
32:30 Chemistry
33:17 Gold Shaft Mining
34:01 Leather Archer Armor
34:17 Fletching
37:26 Stone Shaft Mining
37:56 Conscription
37:08 Elite Cataphract
38:52 Plate Barding Armor
41:54 Logistica
42:14 Husbandry
42:40 Guilds
meditator27
10:50 Feudal Age
14:44 Castle Age
12:42 Double-Bit Axe
13:12 Horse Collar
16:21 Bow Saw
16:31 Heavy Plow
16:58 Loom
24:08 Wheelbarrow
28:51 Imperial Age
28:18 Chemistry
27:16 Pikeman
32:15 Halberdier
33:47 Scale Mail Armor
33:57 Forging
34:25 Conscription
34:43 Chain Mail Armor
34:58 Squires
36:22 Iron Casting
36:25 Hand Cart
39:53 Plate Mail Armor
40:24 Blast Furnace
42:15 Fletching
澳門陽光男孩
10:21 Feudal Age
14:43 Castle Age
12:51 Double-Bit Axe
13:15 Horse Collar
14:06 Stone Mining
16:24 Loom
24:51 Bloodlines
35:09 Wheelbarrow
39:57 Imperial Age
38:47 Scale Barding Armor
38:51 Husbandry
40:30 Chain Barding Armor
40:04 Cavalier
41:46 Forging
Connection lost

Rejoining the realm…

Still unreachable

The connection could not be restored.

Session expired

The server has moved on; the page needs a fresh start.